 Dungeon Crawl Stone Soup version 0.26.1-11-gd32895ea62 (webtiles) character file.

Game seed: 8324161846844251634

36828 Eitelfritz the Severer (level 13, -8/114 HPs)
             Began as a Hill Orc Fighter on Apr 24, 2021.
             Was a High Priest of Uskayaw.
             Mangled by an orc warrior
             ... wielding a +4 war axe
              (24 damage)
             ... on level 2 of the Orcish Mines.
             The game lasted 00:45:16 (20140 turns).

Eitelfritz the Severer (Hill Orc Fighter)          Turns: 20140, Time: 00:45:16

Health: -8/114     AC: 13    Str: 22    XL:     13   Next: 92%
Magic:  20/20      EV: 11    Int: 10    God:    Uskayaw [*****.]
Gold:   1283       SH: 12    Dex: 10    Spells: 12/12 levels left

rFire    + + +     SeeInvis .   a - +3 broad axe (vorpal)
rCold    + . .     Faith    +   c - +0 kite shield
rNeg     . . .     Spirit   .   Q - +1 ring mail of Time Monsters {rF++}
rPois    +         Reflect  .   U - +0 helmet
rElec    +         Harm     .   k - scarf {+Inv}
rCorr    .         Rampage  .   E - +0 pair of gloves
Will     .....                  O - +1 pair of boots {Stlth+}
Stlth    ++++++....             K - amulet "Nilly" {Faith rElec rC+ Stlth+}
HPRegen  0.29/turn              h - ring of protection from fire
MPRegen  0.17/turn              g - ring "Zeuzorag" {rPois Stlth+}

@: no status effects
A: no striking features
a: Renounce Religion, Evoke Invisibility, Stomp, Line Pass, Grand Finale


You were on level 2 of the Orcish Mines.
You worshipped Uskayaw.
Uskayaw was aware of your devotion.
You visited 3 branches of the dungeon, and saw 17 of its levels.
You also visited: Sewer.

You collected 1872 gold pieces.
You spent 589 gold pieces at shops.

Inventory:

Hand Weapons
 a - a +3 vorpal broad axe (weapon)
 b - a +0 hunting sling
 j - a +3 morningstar of freezing
Missiles
 m - 41 boomerangs (quivered)
 H - a throwing net
 I - 7 curare-tipped darts
 N - 84 sling bullets
Armour
 c - a +0 kite shield (worn)
 k - a scarf of invisibility (worn)
 u - the +1 cloak of the Shrike {rF+ rN+ Dex+2 Stlth-}
   (You acquired it on level 6 of the Dungeon)

   It affects your dexterity (+2).
   It protects you from fire.
   It protects you from negative energy.
   It makes you less stealthy.
 E - a +0 pair of gloves (worn)
 O - a +1 pair of boots of stealth (worn)
 Q - the +1 ring mail of Time Monsters (worn) {rF++}
   (You found it on level 11 of the Dungeon)

   It greatly protects you from fire.
 U - a +0 helmet (worn)
Jewellery
 g - the ring "Zeuzorag" (right hand) {rPois Stlth+}
   (You acquired it on level 14 of the Dungeon)

   [ring of stealth]

   It protects you from poison.
   It makes you more stealthy.
 h - a ring of protection from fire (left hand)
 l - an uncursed ring of resist corrosion
 w - the amulet "Peroh" {rN++ Regen+ Str+9 Int-3}
   (You found it in a sewer)

   [amulet of regeneration]

   It affects your strength (+9).
   It affects your intelligence (-3).
   It greatly protects you from negative energy.
   It increases your rate of regeneration.
 K - the amulet "Nilly" (around neck) {Faith rElec rC+ Stlth+}
   (You found it on level 8 of the Dungeon)

   [amulet of faith]

   It allows you to gain divine favour quickly.
   It protects you from cold.
   It insulates you from electricity.
   It makes you more stealthy.
 X - an uncursed amulet of reflection
Wands
 y - a wand of polymorph (14)
 B - a wand of iceblast (10)
 D - a wand of paralysis (17)
 F - a wand of flame (59)
 J - a wand of enslavement (22)
 S - a wand of random effects (18)
 T - a wand of acid (10)
Scrolls
 d - 2 scrolls of fog
 e - 5 scrolls of teleportation
 f - 2 scrolls of enchant weapon
 p - 5 scrolls of magic mapping
 s - a scroll of fear
 t - 8 scrolls of remove curse
 G - a scroll of enchant armour
 W - 3 scrolls of amnesia
 Y - 4 scrolls of identify
Potions
 n - 7 potions of heal wounds
 o - 2 potions of cancellation
 q - 4 potions of attraction
 r - 2 potions of might
 v - 4 potions of magic
 x - 20 potions of curing
 z - 5 potions of haste
 A - 2 potions of brilliance
 C - 2 potions of invisibility
 M - 2 potions of resistance
 P - 2 potions of berserk rage
 R - a potion of mutation
 V - a potion of ambrosia
 Z - a potion of flight


   Skills:
 + Level 10.6 Fighting
 + Level 16.7(16.8) Axes
 + Level 1.9(9.8) Maces & Flails
 + Level 2.1 Throwing
 + Level 9.1 Armour
 + Level 4.2 Dodging
 + Level 7.5 Stealth
 + Level 10.3 Shields
 * Level 10.5 Invocations


You had 12 spell levels left.
You didn't know any spells.
Your spell library contained the following spells:

 Spells                   Type           Power        Failure   Level
 Magic Dart               Conj           0%           71%         1
 Shock                    Conj/Air       0%           71%         1
 Blink                    Tloc           N/A          83%         2
 Call Imp                 Summ           0%           83%         2
 Searing Ray              Conj           0%           83%         2
 Slow                     Hex            0%           83%         2
 Swiftness                Air            0%           83%         2
 Conjure Flame            Conj/Fire      0%           97%         3
 Dazzling Flash           Conj/Hex       0%           97%         3
 Gell's Gravitas          Tloc           0%           97%         3
 Lesser Beckoning         Tloc           0%           97%         3
 Mephitic Cloud           Conj/Pois/Air  0%           97%         3
 Static Discharge         Conj/Air       0%           97%         3
 Teleport Other           Tloc           0%           97%         3
 Airstrike                Air            0%           100%        4
 Fulminant Prism          Conj/Hex       0%           100%        4
 Iskenderun's Mystic Bla  Conj/Tloc      0%           100%        4
 Passage of Golubria      Tloc           N/A          100%        4
 Lightning Bolt           Conj/Air       0%           100%        5


Dungeon Overview and Level Annotations

Branches:
Dungeon (14/15)            Temple (1/1) D:5            Lair (0/6) D:11
    Orc (2/2) D:11         Vaults (0/5) D:13          Sewer (visited)
    Elf: Orc:2

Altars:
Ashenzari
Cheibriados
Dithmenos
Elyvilon
Fedhas
Gozag
Hepliaklqana
Kikubaaqudgha
Makhleb
Nemelex Xobeh
Okawaru
Qazlal
Ru
Sif Muna
Trog
Uskayaw
Vehumet
Wu Jian
Xom
Yredelemnul
Zin

Shops:
D:14 ?   Orc:1 !

Portals:
Trove: D:13 (give 6 scrolls of fear)

Annotations:
D:14 3 runed translucent doors, Umatosche's ghost, journeyman GrFi; Xye's ghost, journeyman GrFi; Ytheofip's ghost, journeyman FoFi


Message History

The orc warrior shoots a bolt.
You block the bolt.
You hear a shout!
Unknown command.
You closely miss the orc warrior.
The orc warrior is almost dead.
You slash the orc!
You kill the orc!
You closely miss the orc warrior.
The orc warrior is no longer sharing its pain.
The orc warrior hits you with a cursed -1 short sword!
* * * LOW HITPOINT WARNING * * *
You closely miss the orc warrior.
The orc warrior is almost dead.
You closely miss the orc warrior. You slash the orc warrior!
The orc knight is no longer sharing its pain.
The orc warrior shoots a bolt.
The bolt closely misses you.
The orc warrior hits you with a cursed -1 hand axe!
* * * LOW HITPOINT WARNING * * *
The orc warrior hits you with a +4 war axe!!
You die...

# #....#.#............
.#.##...(.....##..#.....
...............####.....
.........#......## ....#
.......(.#.$.....# ..##
.##..##(((..#...#..
......##().....###..
.....)o#().....# 8.
.....oo@))..#...#
≈...)oo#...###..8.
≈≈.....#o...# #.#.
...)o.......# #..
....o........# .
≈≈.....#....##
≈......#....# .......
....#


You could see an orc knight and 7 orc warriors.

Vanquished Creatures
  A fire dragon (D:13)
  2 hydras
  Harold (D:7)
  Erica (D:10)
  A boulder beetle (D:12)
  3 two-headed ogres (D:13)
  2 centaur warriors
  A dancing weapon (D:11)
  The ghost of Elvor the Basher, a journeyman GrDe of Okawaru (D:11)
  The ghost of Richi the Cleaver, a novice MiFi of Okawaru (D:8)
  2 unseen horrors (D:13)
  A wizard (D:14)
  4 deep elf magi
  6 ugly things
  An orc sorcerer (Orc:1)
  6 cyclopes
  A manticore (D:14)
  A gargoyle (D:14)
  A centaur skeleton (D:10)
  5 trolls
  An efreet (D:14)
  The ghost of Hank the Poker, an amateur MiCK of Xom (D:4)
  A kobold demonologist (D:13)
  3 meliai
  Grinder (D:4)
  A hornet (D:14)
  5 slime creatures (D:12)
  2 wyverns
  16 yaks
  A vampire (D:8)
  2 humans (D:9)
  2 wraiths
  7 vampire mosquitoes
  A warg (Orc:2)
  An acid dragon (D:12)
  A soldier ant (D:8)
  2 water moccasins
  24 orc warriors
  2 sky beasts (D:11)
  2 black bears
  8 ice beasts
  2 phantoms
  2 necrophages (D:10)
  15 centaurs
  6 ogres
  2 big kobolds (D:8)
  2 gnoll sergeants
  6 bullfrogs
  A wyvern skeleton (D:13)
  8 scorpions
  16 wights
  4 howler monkeys
  3 centaur zombies
  A quasit (D:11)
  10 orc priests
  6 jellies
  5 hounds
  2 gnoll shamans
  20 orc wizards
  A bullfrog skeleton (D:11)
  5 iguanas
  10 worker ants
  2 mummies (D:8)
  A howler monkey zombie (D:10)
  19 gnolls
  26 adders
  3 river rats (Sewer)
  3 shadow imps
  6 white imps
  4 ufetubi
  3 oozes
  2 adder zombies
  2 worms (D:3)
  8 dart slugs
  4 leopard geckos
  67 orcs
  8 giant cockroaches
  6 hobgoblins
  18 jackals
  16 kobolds
  6 quokkas
  9 ball pythons
  7 bats
  15 frilled lizards
  A giant cockroach zombie (D:5)
  15 goblins
  28 rats
532 creatures vanquished.

Vanquished Creatures (others)
  A centaur (Orc:2)
  An orc wizard (D:7)
2 creatures vanquished.

Grand Total: 534 creatures vanquished

Notes
Turn   | Place    | Note
-------+----------+-------------------------------------------
     0 | D:1      | Eitelfritz the Hill Orc Fighter began the quest for the
                  | Orb.
     0 | D:1      | Reached XP level 1. HP: 19/19 MP: 1/1
    43 | D:1      | You fall into a shaft and drop 1 floor!
   144 | D:2      | Reached XP level 2. HP: 23/27 MP: 2/2
   259 | D:2      | Reached skill level 3 in Axes
   365 | D:1      | Reached XP level 3. HP: 33/33 MP: 3/3
  1344 | D:2      | Reached XP level 4. HP: 38/40 MP: 4/4
  1467 | D:2      | Found a shadowy altar of Dithmenos.
  1533 | D:2      | Found a radiant altar of Vehumet.
  1533 | D:2      | Found an ancient bone altar of Kikubaaqudgha.
  1620 | D:3      | Found a stormy altar of Qazlal.
  1627 | D:3      | Reached skill level 4 in Axes
  2111 | D:3      | Reached XP level 5. HP: 44/46 MP: 5/5
  2644 | D:4      | Found a glowing drain.
  2675 | Sewer    | Entered a sewer
  3199 | Sewer    | Got a steaming graven amulet
  3237 | Sewer    | Reached skill level 5 in Axes
  3516 | Sewer    | Reached XP level 6. HP: 53/53 MP: 6/6
  3569 | Sewer    | Reached skill level 6 in Axes
  3569 | Sewer    | Reached skill level 1 in Dodging
  3851 | Sewer    | Identified the amulet "Peroh" {rN++ Regen+ Str+9 Int-3}
                  | (You found it in a sewer)
  3951 | D:4      | Noticed Grinder
  3952 | D:4      | Paralysed by Grinder for 6 turns
  3970 | D:4      | Killed Grinder
  3971 | D:4      | Reached skill level 5 in Fighting
  3971 | D:4      | Reached skill level 7 in Axes
  3971 | D:4      | Reached skill level 5 in Armour
  3971 | D:4      | Reached XP level 7. HP: 43/61 MP: 7/7
  4193 | D:4      | Reached skill level 1 in Throwing
  4252 | D:4      | Reached XP level 8. HP: 68/68 MP: 8/8
  4328 | D:4      | Noticed Hank's ghost (amateur MiCK)
  4331 | D:4      | Found a runed translucent door.
  4368 | D:4      | Reached skill level 8 in Axes
  4398 | D:4      | Reached skill level 5 in Shields
  4809 | D:5      | Entered Level 5 of the Dungeon
  4827 | D:5      | Reached skill level 9 in Axes
  5165 | D:5      | Found a sacrificial altar of Ru.
  5307 | D:5      | Found a staircase to the Ecumenical Temple.
  5316 | Temple   | Entered the Ecumenical Temple
  5815 | D:6      | Reached skill level 10 in Axes
  5884 | D:6      | Paralysed by a gnoll for 6 turns
  5885 | D:6      | Reached XP level 9. HP: 39/75 MP: 9/9
  6708 | D:6      | Identified a scroll of acquirement
  6708 | D:6      | Acquired the +1 cloak of the Shrike {rF+ rN+ Dex+2 Stlth-}
  6772 | D:7      | Reached skill level 11 in Axes
  7175 | D:7      | Reached skill level 12 in Axes
  7308 | D:7      | Noticed Harold
  7348 | D:7      | Killed Harold
  7349 | D:7      | Reached XP level 10. HP: 84/86 MP: 10/10
  7519 | D:4      | Killed Hank's ghost
  7640 | D:8      | Found a transporter.
  7640 | D:8      | Noticed Richi's ghost (novice MiFi)
  7748 | D:8      | Found a transporter.
  7757 | D:8      | Got a scintillating brass amulet
  7801 | D:8      | Reached skill level 1 in Stealth
  7894 | D:8      | Reached skill level 13 in Axes
  8128 | D:8      | Found a hide-covered altar of Uskayaw.
  8140 | D:8      | Became a worshipper of Uskayaw the Reveller
  8207 | D:8      | Reached * piety under Uskayaw
  8492 | D:8      | Reached ** piety under Uskayaw
  8587 | D:9      | Reached skill level 1 in Invocations
  8912 | D:9      | Found an iron altar of Okawaru.
  8923 | D:9      | Reached *** piety under Uskayaw
  9151 | D:9      | Identified the amulet "Nilly" {Faith rElec rC+ Stlth+} (You
                  | found it on level 8 of the Dungeon)
  9580 | D:10     | Entered Level 10 of the Dungeon
  9587 | D:10     | Noticed a centaur warrior
  9604 | D:10     | Reached **** piety under Uskayaw
  9606 | D:10     | Killed a centaur warrior
  9606 | D:10     | Reached ***** piety under Uskayaw
  9607 | D:10     | Reached XP level 11. HP: 34/92 MP: 13/13
 10075 | D:10     | Noticed Erica
 10090 | D:10     | Killed Erica
 10091 | D:10     | Reached skill level 14 in Axes
 10365 | D:10     | Reached ****** piety under Uskayaw
 10526 | D:10     | Reached skill level 5 in Invocations
 11531 | D:11     | Noticed a cyclops
 11542 | D:11     | Killed a cyclops
 12118 | D:11     | Noticed a white ugly thing
 12140 | D:11     | Killed a white ugly thing
 12333 | D:11     | Got a shimmering ring mail
 12335 | D:11     | Found a runed translucent door.
 12335 | D:11     | Found a shimmering altar of Xom.
 12335 | D:11     | Noticed Elvor's ghost (journeyman GrDe)
 12350 | D:11     | Noticed a +2 trident of chaos
 12367 | D:11     | Found a staircase to the Orcish Mines.
 12666 | D:11     | Noticed a brown ugly thing
 12683 | D:11     | Killed a brown ugly thing
 12877 | D:11     | Found a staircase to the Lair.
 13130 | D:8      | Killed Richi's ghost
 13131 | D:8      | Reached XP level 12. HP: 82/103 MP: 16/16
 13314 | D:12     | Noticed a boulder beetle
 13487 | D:12     | Killed a boulder beetle
 13488 | D:12     | Reached skill level 5 in Stealth
 13530 | D:12     | Reached skill level 15 in Axes
 14203 | D:12     | Identified the +1 ring mail of Time Monsters {rF++} (You
                  | found it on level 11 of the Dungeon)
 14206 | D:12     | Got a crude pewter ring
 14210 | D:12     | Identified the ring "Xemurch" {Fire rElec} (You found it on
                  | level 12 of the Dungeon)
 14557 | D:13     | Noticed a centaur warrior
 14568 | D:13     | Killed a centaur warrior
 14690 | D:13     | Found a shimmering altar of Xom.
 14690 | D:13     | Found a shimmering altar of Xom.
 14694 | D:13     | Found a shimmering altar of Xom.
 14695 | D:13     | Found a shimmering altar of Xom.
 14695 | D:13     | Found a shimmering altar of Xom.
 14695 | D:13     | Found a shimmering altar of Xom.
 14695 | D:13     | Found a shimmering altar of Xom.
 14804 | D:13     | Found a portal to a secret trove of treasure.
 14909 | D:13     | Noticed a fire dragon
 14931 | D:13     | Killed a fire dragon
 15179 | D:13     | Noticed a two-headed ogre
 15179 | D:13     | Noticed a two-headed ogre
 15190 | D:13     | Killed a two-headed ogre
 15193 | D:13     | Killed a two-headed ogre
 15304 | D:13     | Found a gate to the Vaults.
 15304 | D:13     | Noticed a two-headed ogre
 15309 | D:13     | Killed a two-headed ogre
 15327 | D:13     | Noticed a four-headed hydra
 15336 | D:13     | Killed a four-headed hydra
 15708 | D:13     | Reached XP level 13. HP: 110/112 MP: 19/19
 16507 | D:13     | Acquired a +2 vorpal broad axe
 16911 | D:14     | Reached skill level 10 in Fighting
 17374 | D:13     | Reached skill level 16 in Axes
 17956 | D:14     | Reached skill level 10 in Shields
 18363 | D:14     | Found Weede's Magic Scroll Emporium.
 18378 | D:14     | Bought a scroll of identify for 32 gold pieces
 18378 | D:14     | Bought 2 scrolls of identify for 64 gold pieces
 18378 | D:14     | Bought a scroll of identify for 32 gold pieces
 18378 | D:14     | Bought a scroll of identify for 32 gold pieces
 18378 | D:14     | Bought a scroll of enchant armour for 120 gold pieces
 18378 | D:14     | Bought a scroll of identify for 32 gold pieces
 18378 | D:14     | Bought a scroll of identify for 32 gold pieces
 18378 | D:14     | Bought a scroll of identify for 32 gold pieces
 18378 | D:14     | Bought a scroll of remove curse for 48 gold pieces
 18414 | D:14     | Reached skill level 1 in Maces & Flails
 18415 | D:14     | Reached skill level 10 in Invocations
 18756 | D:14     | Found a runed translucent gate.
 19115 | D:14     | Acquired the ring "Zeuzorag" {rPois Stlth+}
 19207 | D:14     | Found a runed translucent gate.
 19207 | D:14     | Found an ancient bone altar of Kikubaaqudgha.
 19207 | D:14     | Found a runed translucent gate.
 19207 | D:14     | Noticed Xye's ghost (journeyman GrFi)
 19207 | D:14     | Noticed Umatosche's ghost (journeyman GrFi)
 19207 | D:14     | Noticed Ytheofip's ghost (journeyman FoFi)
 19207 | D:14     | Noticed a lich
 19207 | D:14     | Noticed a lich
 19413 | D:11     | Killed Elvor's ghost
 19515 | Orc:1    | Entered Level 1 of the Orcish Mines
 19734 | Orc:1    | Found Joemih's Distillery.
 19762 | Orc:1    | Bought a potion of heal wounds for 55 gold pieces
 19762 | Orc:1    | Bought a potion of heal wounds for 55 gold pieces
 19762 | Orc:1    | Bought a potion of heal wounds for 55 gold pieces
 20047 | Orc:2    | Entered Level 2 of the Orcish Mines
 20140 | Orc:2    | Mangled by an orc warrior

Illustrated notes

Levels and vault maps discovered:
D:1:      lemuel_arrival_rhombus, layout_basic
D:2:      layout_rooms, marbit_many_paths, gammafunk_temple_overflow_statue,
          nicolae_overflow_hidden_temple
D:3:      layout_basic, old_standard_altar, kennysheep_doodads
D:4:      kennysheep_slugbush, layout_basic, gup_sewer_entry_glass,
          hellmonk_ghost_happy_afterlife, kennysheep_decorative_pillar,
          uniq_grinder
D:5:      layout_cave_pools, nicolae_ru_sacrificial_ziggurat,
          minmay_temple_entry_statues_fountains
D:6:      layout_cave_pods, mrwooster_statue_mirror, minmay_ogre_servants
D:7:      layout_rooms, uniq_harold
D:8:      layout_loops_cross, eat_drink_and_be_merry_uskayaw,
          gammafunk_ghost_mausoleum, chequers_serial_rivers_room_a, hex_large
D:9:      layout_roguey, okawaru_humans
D:10:     layout_stronghold, serial_column_ruins, column_ruins_open_large,
          column_ruins_columns_corner, column_ruins_grid_3, column_ruins_grid_1,
          column_ruins_open_small, column_ruins_open_small, column_ruins_grid_2,
          minmay_joined_circles, uniq_erica
D:11:     layout_stronghold, lair_entry_dummy, orc_0_dummy, ebering_ghost_xom,
          hangedman_corner_corridor
D:12:     layout_rooms
D:13:     layout_stronghold, david_vaults_1, enter_trove_6, xom_shifter_show
D:14:     lemuel_upstairs_altar, layout_cross, serial_shops, shop,
          gammafunk_ghost_crypt, minmay_misc_feat_ornament
Temple:   eino_temple_water
Orc:1:    layout_caves, serial_shops, nicolae_shop_trees
Orc:2:    st_orc_rangers, layout_caves, nicolae_volcano_entry_vermiform,
          serial_shops, nicolae_shop_statue_plus, uniq_donald

Skill      XL: |  1  2  3  4  5  6  7  8  9 10 11 12 13 |
---------------+----------------------------------------+-----
Axes           | 3 4 5 7 10 12 13 14 15 16 | 16.7
Fighting       | 4 5 7 8 9 10 | 10.6
Armour         | 4 5 6 7 8 9 |  9.1
Shields        | 4 5 7 8 9 10 | 10.3
Dodging        | 1 2 3 4 |  4.2
Throwing       | 1 2 |  2.1
Stealth        | 1 4 6 7 |  7.5
Invocations    | 3 6 8 10 | 10.5
Maces & Flails | 1 |  1.9

Action                   |  1- 3 |  4- 6 |  7- 9 | 10-12 | 13-15 || total
-------------------------+-------+-------+-------+-------+-------++-------
Melee: War axe           |    91 |   230 |   330 |   670 |    32 ||  1353
       Morningstar       |       |       |       |     3 |     6 ||     9
       Broad axe         |       |       |       |       |   172 ||   172
Throw: Boomerang         |       |     7 |    38 |    10 |       ||    55
  Use: Potion            |       |     2 |     3 |       |       ||     5
       Scroll            |       |    10 |     7 |     6 |    10 ||    33
 Stab: Paralysed         |       |       |       |    69 |    46 ||   115
       Sleeping          |       |       |       |     9 |     2 ||    11
       Distracted        |       |       |       |     1 |       ||     1
Armor: Scale mail        |    38 |   123 |    99 |   140 |       ||   400
       Ring mail         |       |       |       |    18 |    87 ||   105
Dodge: Dodged            |    27 |    82 |   116 |   180 |    90 ||   495
Block: Kite shield       |    54 |   126 |   221 |   327 |   172 ||   900
